 Dungeon Crawl Stone Soup version 0.27-a0-1612-gde56a17b89 (webtiles) character file.

Game seed: 9633692258077019472

54 dolemite99 the Chiller (level 3, -3/24 HPs)
             Began as a Merfolk Ice Elementalist on July 22, 2021.
             Slain by Terence (6 damage)
             ... on level 2 of the Dungeon.
             The game lasted 00:02:10 (2516 turns).

dolemite99 the Chiller (Merfolk Ice Elementalist)   Turns: 2516, Time: 00:02:11

Health: -3/24      AC:  2    Str:  8    XL:     3   Next: 91%
Magic:  3/6        EV: 12    Int: 15    God:
Gold:   103        SH:  0    Dex: 14    Spells: 5/6 levels left

rFire    . . .     SeeInvis +   g - +0 whip
rCold    . . .     Faith    .   (no shield)
rNeg     . . .     Spirit   .   a - +0 robe
rPois    .         Reflect  .   (no helmet)
rElec    .         Harm     .   (no cloak)
rCorr    .         Rampage  .   (no gloves)
Will     .....                  (no boots)
Stlth    ++........             (no amulet)
HPRegen  0.08/turn              f - ring of see invisible
MPRegen  0.10/turn              (no ring)

@: no status effects
A: (nimble swimmer 2), mertail
a: no special abilities


You were on level 2 of the Dungeon.
You visited 1 branch of the dungeon, and saw 2 of its levels.

You collected 103 gold pieces.

Inventory:

Hand Weapons
 g - a +0 whip (weapon)
 i - a +0 dagger
Armour
 a - a +0 robe (worn)
Jewellery
 c - a +6 ring of dexterity
 f - a ring of see invisible (left hand)
Scrolls
 e - a scroll of silence {unknown}
Potions
 b - a potion of curing {unknown}
 d - 2 potions of haste
 h - a potion of heal wounds {unknown}


   Skills:
 - Level 2.6 Dodging
 - Level 2.1 Stealth
 - Level 2.0 Spellcasting
 + Level 6.0 Ice Magic


You had 5 spell levels left.
You knew the following spells:

 Your Spells              Type           Power      Damage    Failure   Level
a - Freeze                Ice            76%        1d9       1%          1

Your spell library contained the following spells:

 Spells                   Type           Power      Damage    Failure   Level
 Frozen Ramparts          Ice            38%        1d5       5%          3
 Ozocubu's Armour         Ice            19%        N/A       5%          3
 Passwall                 Tmut/Erth      0%         N/A       32%         2
 Swiftness                Air            1%         N/A       54%         3
 Hailstorm                Conj/Ice       10%        3d5       54%         4
 Invisibility             Hex            0%         N/A       100%        6


Dungeon Overview and Level Annotations

Branches:
Dungeon (2/15)

Altars:

Shops:
D:1 (

Annotations:
D:2 1 runed translucent door, Crazy Yiuf, Terence


Innate Abilities, Weirdness & Mutations

((You are quick and stealthy near water. (Stealth+, EV+, Speed+++)))
Your lower body shifts to a powerful aquatic tail in water.


Message History

You see here 6 gold pieces.
Casting: Freeze (safe; 1% risk of failure)
Confirm with . or Enter, or press ? or * to list all spells.
You can't see any susceptible monsters within range! (Use Z to cast anyway.) Terence is nearby!
You now have 103 gold pieces (gained 6).
Terence drinks a potion.
Terence seems to speed up.
Casting: Freeze (safe; 1% risk of failure)
Confirm with . or Enter, or press ? or * to list all spells.
Okay, then.
Casting: Freeze (safe; 1% risk of failure)
Confirm with . or Enter, or press ? or * to list all spells.
Okay, then.
Casting: Freeze (safe; 1% risk of failure)
Confirm with . or Enter, or press ? or * to list all spells.
Aiming: Freeze (safe; 1% risk of failure)
Press: ? - help, Shift-Dir - straight line, f - Terence
Aim: Terence, wielding a +3 vorpal hand axe and wearing a +0 ring mail (fast)
You freeze Terence.
Terence is lightly wounded.
Terence hits you with a +3 vorpal hand axe!
Casting: Freeze (safe; 1% risk of failure)
Confirm with . or Enter, or press ? or * to list all spells.
Aiming: Freeze (safe; 1% risk of failure)
Press: ? - help, Shift-Dir - straight line, f/p - Terence
Aim: Terence, wielding a +3 vorpal hand axe and wearing a +0 ring mail (lightly wounded, fast)
You freeze Terence.
Terence is heavily wounded.
Terence hits you with a +3 vorpal hand axe!
* * * LOW HITPOINT WARNING * * *
x2 Terence misses you.
Casting: Freeze (safe; 1% risk of failure)
Confirm with . or Enter, or press ? or * to list all spells.
Aiming: Freeze (safe; 1% risk of failure)
Press: ? - help, Shift-Dir - straight line, f/p - Terence
Aim: Terence, wielding a +3 vorpal hand axe and wearing a +0 ring mail (heavily wounded, fast)
You freeze Terence.
Terence is heavily wounded.
Terence hits you with a +3 vorpal hand axe.
You die...

#......###### ##
#......# ## ..
#......# .#
#.....## ..#
#.....# ..#
#.....# #..# .
#.....# ...# ..
####.######...####
..
##.#..@@........
.#
###....####.#.#...
#....### .# #..#†#
.# ##.#.# .# #.#.#
.# # #.# .# #.# .#
...


You could see Terence (fast).

Vanquished Creatures
  An adder (D:2)
  A worm (D:2)
  A dart slug (D:2)
  8 ball pythons
  4 endoplasms
  3 giant cockroaches
  6 hobgoblins
  3 bats
  2 frilled lizards (D:1)
  4 goblins
  2 kobolds
  A rat (D:2)
36 creatures vanquished.

Notes
Turn   | Place    | Note
-------+----------+-------------------------------------------
     0 | D:1      | dolemite99 the Merfolk Ice Elementalist began the quest for
                  | the Orb.
     0 | D:1      | Reached XP level 1. HP: 13/13 MP: 3/3
   233 | D:1      | Reached XP level 2. HP: 10/19 MP: 3/5
   398 | D:1      | Found Cosazoga's Weapon Shop.
   541 | D:1      | Reached skill level 5 in Ice Magic
  1381 | D:2      | Reached XP level 3. HP: 19/24 MP: 0/6
  2457 | D:2      | Found a runed translucent door.
  2458 | D:2      | Noticed Crazy Yiuf
  2496 | D:2      | Reached skill level 6 in Ice Magic
  2509 | D:2      | Noticed Terence
  2516 | D:2      | Slain by Terence

Illustrated notes

Levels and vault maps discovered:
D:1:      ncdulo_wetmaze, layout_basic, serial_shops, shop,
          minmay_misc_feat_nine_boxes, moated_statue, hangedman_decor_opposing,
          minmay_misc_feat_x, amcnicky_mini_corridor_feature
D:2:      layout_rooms, shapermc_ecumenical_altar_mp_vishouse,
          minmay_heptomino_d4, uniq_terence, uniq_crazy_yiuf_cottage

Skill      XL: |  1  2  3 |
---------------+----------+-----
Ice Magic      | 5 6 |  6.0
Dodging        | |  2.6
Stealth        | |  2.1
Spellcasting   | |  2.0

Action                   || total
-------------------------++-------
Melee: Unarmed           ||     6
       Whip              ||    11
 Cast: Freeze            ||    53
 Stab: Sleeping          ||     1
Armor: Robe              ||    21
Dodge: Dodged            ||    45

Table legend: (Time is in decaauts)
 A = Elapsed time spent in this place.
 B = Non-inter-level travel time spent in this place.
 C = Inter-level travel time spent in this place.
 D = Time resting spent in this place.
 E = Time spent auto-exploring this place.
 F = Levels seen in this place.
 G = Mean time per level.
                   A        B        C        D        E       F      G
               +--------+--------+--------+--------+--------+-----+--------+
         Total |   2501 |   2484 |     17 |   1177 |    945 |   2 | 1250.5 |
       Dungeon |   2501 |   2484 |     17 |   1177 |    945 |   2 | 1250.5 |
               +--------+--------+--------+--------+--------+-----+--------+

Top non-repeatable levels by time:
     D:1: 1361 daAuts
     D:2: 1140 daAuts
